 Dungeon Crawl Stone Soup version 0.25-a0-651-g8c222c7a2b (webtiles) character file.

Game seed: 12495109462908137567, levelgen mode: deterministic

27 CryoSword the Ruffian (level 2, -17/23 HPs)
             Began as a Draconian Transmuter on Mar 22, 2020.
             Demolished by an ogre
             ... wielding a +0 giant club
              (30 damage)
             ... on level 3 of the Dungeon.
             The game lasted 00:02:46 (1363 turns).

CryoSword the Ruffian (Draconian Transmuter)        Turns: 1363, Time: 00:02:46

Health: -17/23     AC:  4    Str: 12    XL:     2   Next: 93%
Magic:  4/5        EV: 12    Int: 13    God:
Gold:   90         SH:  0    Dex: 11    Spells: 2/5 levels left

rFire    . . .     SeeInvis .     - Unarmed
rCold    . . .     Gourm    .   (no shield)
rNeg     . . .     Faith    .   (armour unavailable)
rPois    .         Spirit   .   (helmet restricted)
rElec    .         Reflect  .   (no cloak)
rCorr    .         Harm     .   (no gloves)
MR       .....                  (no boots)
Stlth    +.........             (no amulet)
HPRegen  0.07/turn              (no ring)
MPRegen  0.09/turn              (no ring)

@: no status effects
A: unfitting armour, cold-blooded, AC +4
a: no special abilities


You were on level 3 of the Dungeon.
You were not hungry.

You visited 1 branch of the dungeon, and saw 3 of its levels.

You collected 90 gold pieces.

Inventory:

Missiles
 a - 8 arrows
 k - 62 stones (quivered)
Jewellery
 e - an uncursed ring of see invisible {unknown}
   (You found it on level 1 of the Dungeon)
 h - an uncursed amulet of the gourmand {unknown}
   (You found it on level 1 of the Dungeon)
Scrolls
 b - a scroll of teleportation {unknown}
 d - a scroll of enchant weapon {unknown}
 f - a scroll of amnesia {unknown}
 g - 3 scrolls of identify {unknown}
 i - a scroll of blinking {unknown}
 j - a scroll of remove curse {unknown}
Potions
 l - a potion of flight {unknown}
Comestibles
 c - 5 rations {!d}


   Skills:
 - Level 1.1 Fighting
 - Level 1.7 Dodging
 + Level 3.3 Unarmed Combat
 - Level 2.0 Spellcasting
 * Level 3.1 Transmutations


You had 2 spell levels left.
You knew the following spells:

 Your Spells              Type           Power        Failure   Level  Hunger
a - Beastly Appendage     Tmut           #.....       7%          1    ##.....
b - Sticks to Snakes      Tmut           #.......     11%         2    ###....

Your spell library contained the following spells:

 Spells                   Type           Power        Failure   Level  Hunger
 Spider Form              Tmut/Pois      #.........   38%         3    ####...
 Ice Form                 Ice/Tmut       #.......     80%         4    #####..
 Blade Hands              Tmut           #.........   89%         5    ######.


Dungeon Overview and Level Annotations

Branches:
Dungeon (2/15)

Altars:


Innate Abilities, Weirdness & Mutations

Your plain brown scales are hard. (AC +4)
You cannot fit into any form of body armour.
You are cold-blooded and may be slowed by cold attacks.


Message History

You are no longer poisoned.
You start resting.
Your magical contamination has completely faded away.
You start resting.
Magic restored.
There is a stone staircase leading down here.
You start resting.
HP restored.
k - 35 stones (gained 13)
k - 62 stones (gained 27)
There is a stone staircase leading down here.
You climb downwards.
There is a stone staircase leading up here.
f - a scroll labeled QERYFA OHEW You are feeling hungry.
You fall into a shaft and drop 1 floor!
The shaft crumbles and collapses.
A leopard gecko comes into view.
The leopard gecko hisses angrily.
Found an amethyst potion and a scroll labeled BOCWUY HETY.
You see here an amethyst potion.
You see here an amethyst potion.
l - an amethyst potion
Casting: Sticks to Snakes (safe; 12% risk of failure)
Confirm with . or Enter, or press ? or * to list all spells.
Your feet morph into talons.
The leopard gecko barely misses you.
You miss the leopard gecko. The leopard gecko bites you.
You hit the leopard gecko. You claw the leopard gecko.
You kill the leopard gecko!
An orc comes into view. It is wielding a +0 flail.
The orc shouts!
Your transformation is almost over.
An adder comes into view.
A quokka skeleton comes into view.
You hit the orc. You claw the orc, but do no damage.
The orc is moderately wounded.
The orc barely misses you.
Found a ration.
Your talons disappear.
Casting: Beastly Appendage (safe; 8% risk of failure)
Confirm with . or Enter, or press ? or * to list all spells.
You create a snake!
You now have 10 arrows.
The adder closely misses you.
Your ball python closely misses the orc.
Your ball python barely misses the orc.
The adder bites you.
You are poisoned.
The adder poisons you!
Casting: Sticks to Snakes (safe; 12% risk of failure)
Confirm with . or Enter, or press ? or * to list all spells.
You create a snake!
You now have 9 arrows.
You feel sick. The orc closely misses you.
Your ball python bites the orc.
Your ball python closely misses the orc.
The adder closely misses you.
You miss the adder.
Your ball python bites the orc.
Your ball python grabs the orc.
Your ball python constricts the orc.
The adder bites you. The orc barely misses you.
Your ball python bites the orc.
Your ball python bites the orc.
The orc dies!
You hit the adder but do no damage. The adder bites you.
You are more poisoned.
The adder poisons you!
Your ball python bites the adder.
Your ball python closely misses the adder.
The quokka skeleton closely misses your ball python.
The adder bites you.
You feel sick.
Your ball python barely misses the adder.
Your ball python grabs the adder.
Your ball python constricts the adder.
Your ball python bites the adder.
The adder struggles to escape constriction.
Your ball python bites the adder.
Your ball python constricts the adder.
The quokka skeleton bites your ball python.
Your ball python dies!
You feel sick.
The adder struggles to escape constriction.
Your ball python barely misses the adder.
Your ball python constricts the adder.
The adder struggles to escape constriction.
Your ball python bites the adder.
Your ball python constricts the adder.
The adder escapes!
You hit the quokka skeleton but do no damage.
The adder bites you.
You hit the adder.
You kill the adder!
Your Transmutations skill increases to level 3!
You feel sick.
Your ball python closely misses the quokka skeleton.
Your ball python grabs the quokka skeleton.
Your ball python constricts the quokka skeleton.
The quokka skeleton bites you but does no damage.
You barely miss the quokka skeleton. You tail-slap the quokka skeleton.
The quokka skeleton is almost destroyed.
Your ball python bites the quokka skeleton.
The quokka skeleton is destroyed!
You feel sick.
You see here an adder corpse.
You butcher the adder corpse.
m - a chunk of flesh You see here an adder skeleton.
c - 5 rations {!d} (gained 1)
You feel sick.
You start resting.
Eating a chunk of flesh.
You eat the chunk of flesh.
This raw flesh tastes terrible.
You feel sick. x2
An ogre comes into view. It is wielding a +0 giant club.
An ogre is nearby!
Unknown command.
You feel sick.
You are no longer poisoned.
Casting: Sticks to Snakes (safe; 11% risk of failure)
Confirm with . or Enter, or press ? or * to list all spells.
You miscast Sticks to Snakes.
You are very lightly contaminated with residual magic.
You feel a strange surge of energy!
Your ball python withers and dies!
Casting: Sticks to Snakes (safe; 11% risk of failure)
Confirm with . or Enter, or press ? or * to list all spells.
You create a snake!
You now have 8 arrows.
Your ball python bites the ogre.
Found a stone staircase leading down.
Found a falchion.
You open the door.
There is an open door here.
Your magical contamination has completely faded away.
Found 9 gold pieces.
Found a robe.
You see here 9 gold pieces.
You now have 90 gold pieces (gained 9).
The ogre misses your ball python.
A giant cockroach comes into view.
An orc comes into view. It is wielding a +0 hand axe.
The orc shouts!
You hear a shout!
An orc comes into view. It is wielding a +0 war axe.
The giant cockroach closely misses you.
An orc priest comes into view. It is wielding a +0 mace.
An orc comes into view. It is wielding a +0 hand axe.
The giant cockroach closely misses you.
Your ball python bites the giant cockroach but does no damage.
Your ball python grabs the giant cockroach.
Your ball python constricts the giant cockroach.
The ogre barely misses you.
The giant cockroach barely misses your ball python.
Your ball python bites the giant cockroach but does no damage.
Your ball python constricts the giant cockroach.
Found a scroll labeled TAUNIM POOSSUM and an encrusted glass wand.
The giant cockroach struggles to escape constriction.
Your ball python loses its grip on the giant cockroach.
Your ball python withers and dies!
Found a dagger.
The giant cockroach bites you but does no damage.
The ogre hits you with a +0 giant club!!
Ouch! That really hurt!
You die...

##################
#####..................
#.......................
#........................
######.รท.).....................
...SO...........@s....?........)
##########.......O...............
# #....................... #####
#...........o.o...?..... ....#
#....................... ....#
#....................... ....#
#.............o......... ....#
#.......................
....######.......................


You could see an ogre, 3 orcs and a giant cockroach.

Vanquished Creatures
  An adder (D:3)
  A leopard gecko (D:3)
  A ball python (D:2)
  4 goblins (D:1)
  A hobgoblin (D:2)
  3 bats (D:1)
  3 frilled lizards (D:1)
  4 kobolds
  3 rats
21 creatures vanquished.

Vanquished Creatures (collateral kills)
  An orc (D:3)
  A quokka skeleton (D:3)
2 creatures vanquished.

Grand Total: 23 creatures vanquished

Notes
Turn   | Place    | Note
-------+----------+-------------------------------------------
     0 | D:1      | CryoSword the Draconian Transmuter began the quest for the
                  | Orb.
     0 | D:1      | Reached XP level 1. HP: 16/16 MP: 3/3
   361 | D:1      | Reached XP level 2. HP: 23/23 MP: 3/5
   548 | D:1      | Learned a level 2 spell: Sticks to Snakes
  1255 | D:2      | You fall into a shaft and drop 1 floor!
  1305 | D:3      | Noticed an ogre
  1363 | D:3      | Demolished by an ogre

Levels and vault maps discovered:
D:1:      wheals_arrival_shading, layout_basic
D:2:      minmay_diamond_boxcup, layout_basic, first_ration, uniq_robin,
          uniq_terence
D:3:      layout_basic, overflow_temple_1_default

Skill      XL: |  1  2 |
---------------+-------+-----
Transmutations | 3 |  3.1
Fighting       | |  1.1
Dodging        | |  1.7
Unarmed Combat | |  3.3
Spellcasting   | |  2.0

Action                   || total
-------------------------++-------
Melee: Unarmed           ||    85
       Kick              ||     4
       Headbutt          ||     1
       Tailslap          ||     5
 Cast: Beastly Appendage ||     8
       Sticks to Snakes  ||     4
  Eat: Chunk             ||     2
Armor: Skin              ||    24
Dodge: Dodged            ||    77

Table legend:
 A = Non-vault XP
 B = Vault XP
 C = Vault XP percentage of total XP
 D = Non-vault monster count
 E = Vault monster count
 F = Vault count percentage of total count
                 A         B        C        D         E       F
            +---------+---------+-------+---------+---------+-------
      Total |      39 |       0 |   0.0 |      23 |       0 |   0.0
            +---------+---------+-------+---------+---------+-------
        D:1 |      19 |       0 |   0.0 |      14 |       0 |   0.0
        D:2 |       7 |       0 |   0.0 |       5 |       0 |   0.0
        D:3 |      13 |       0 |   0.0 |       4 |       0 |   0.0
            +---------+---------+-------+---------+---------+-------
